 Dungeon Crawl Stone Soup version 0.28.0-47-ge53b351184 (webtiles) character file.

Game seed: 17067162961379839210

32 Exodus22XD the Shield-Bearer (level 3, -4/33 HPs)
             Began as a Minotaur Fighter on May 8, 2022.
             Was a Follower of Cheibriados.
             Slain by a gnoll
             ... wielding a +0 halberd
              (9 damage)
             ... on level 2 of the Dungeon.
             The game lasted 00:01:34 (865 turns).

Exodus22XD the Shield-Bearer (Minotaur Fighter)      Turns: 865, Time: 00:01:36

Health: -4/33      AC:  8    Str: 24    XL:     3   Next: 10%
Magic:  2/2        EV:  9    Int:  7    God:    Cheibriados [*.....]
Gold:   70         SH:  4    Dex: 11    Spells: 2/2 levels left

rFire   . . .      SeeInvis .   a - +0 war axe
rCold   . . .      Faith    .   c - +0 buckler
rNeg    . . .      Spirit   .   b - +0 scale mail
rPois   .          Reflect  .   (helmet restricted)
rElec   .          Harm     .   (no cloak)
rCorr   .          Rampage  .   f - +0 pair of gloves
Will    .....                   (no boots)
Stlth   ..........              (no amulet)
HPRegen 0.11/turn               (no ring)
MPRegen 0.08/turn               (no ring)

@: very slow
A: horns 2, retaliatory headbutt
a: Renounce Religion, Bend Time


You were on level 2 of the Dungeon.
You worshipped Cheibriados.
Cheibriados was aware of your devotion.
You visited 1 branch of the dungeon, and saw 2 of its levels.

You collected 70 gold pieces.

Inventory:

Hand Weapons
 a - a +0 war axe (weapon)
Armour
 b - a +0 scale mail (worn)
 c - a +0 buckler (worn)
 f - a +0 pair of gloves (worn)
Scrolls
 h - a scroll of blinking {unknown}
 i - a scroll of noise {unknown}
 j - a scroll of fog {unknown}
 k - a scroll of amnesia {unknown}
Potions
 d - a potion of might
 e - a potion of mutation {unknown}
 g - a potion of attraction {unknown}


   Skills:
 + Level 4.0 Fighting
 + Level 3.0 Axes
 + Level 4.0 Armour
 + Level 4.1 Shields


You had 2 spell levels left.
You didn't know any spells.
Your spell library was empty.

Dungeon Overview and Level Annotations

Branches:
Dungeon (2/15)

Altars:
Cheibriados

Shops:
D:2 *


Innate Abilities, Weirdness & Mutations

You have a pair of horns on your head.
You reflexively headbutt those who attack you in melee.


Message History

The gnoll barely misses you.
A gnoll comes into view. It is wielding a +0 spear.
The gnoll hits you from afar with a +0 halberd.
You barely miss the gnoll.
The gnoll is heavily wounded.
You closely miss the gnoll. The gnoll closely misses you.
You block the gnoll's attack. The gnoll hits you with a +0 whip.
The gnoll hits you from afar with a +0 spear.
The gnoll hits you with a +0 flail.
You hit the gnoll.
The gnoll is almost dead.
You closely miss the gnoll.
The gnoll hits you from afar with a +0 halberd.
You block the gnoll's attack. The gnoll hits you with a +0 flail.
The gnoll hits you but does no damage.
The quokka bites you but does no damage.
You barely miss the gnoll. You closely miss the quokka.
You closely miss the gnoll. The gnoll barely misses you.
The gnoll closely misses you. The gnoll barely misses you.
The quokka barely misses you. The gnoll hits you but does no damage.
You block the gnoll's attack. The gnoll closely misses you.
Unknown command.
You hit the gnoll.
The gnoll is moderately wounded.
You closely miss the gnoll. You closely miss the quokka.
You block the quokka's attack. The gnoll hits you with a +0 flail.
The gnoll hits you from afar with a +0 spear.
* * * LOW HITPOINT WARNING * * *
The gnoll closely misses you. The gnoll hits you with a +0 whip.
* * * LOW HITPOINT WARNING * * *
The quokka closely misses you. You block the gnoll's attack.
The gnoll barely misses you.
You hit the gnoll.
You kill the gnoll!
Cheibriados appreciates the change of pace.
You miss the quokka. You hit the gnoll. The gnoll closely misses you.
The quokka bites you but does no damage.
The gnoll hits you but does no damage. The quokka closely misses you.
The gnoll hits you from afar with a +0 halberd!
You die...

#.###.♣##.# #.#.
#..#♣.∩.♣.#####.#.
#.....♣...........
##.#....#.#.####..
#.##.#.#.#.# ..
##.#....#.# . ..
### #.......... ..
#..g##.#....... ..
#g.@...(###### .##
#....rg.....#
#.###.###.#.... ##
.#.... ## .##


You could see 3 gnolls and a quokka.

Vanquished Creatures
  A gnoll (D:2)
  A dart slug (D:1)
  4 ball pythons (D:1)
  3 bats
  3 endoplasms (D:1)
  A giant cockroach (D:1)
  2 goblins (D:1)
  2 hobgoblins (D:1)
  2 quokkas
  2 frilled lizards (D:1)
  3 kobolds
  3 rats (D:1)
27 creatures vanquished.

Notes
Turn   | Place    | Note
-------+----------+-------------------------------------------
     0 | D:1      | Exodus22XD the Minotaur Fighter began the quest for the
                  | Orb.
     0 | D:1      | Reached XP level 1. HP: 19/19 MP: 0/0
   145 | D:1      | Reached XP level 2. HP: 17/27 MP: 1/1
   681 | D:1      | Reached XP level 3. HP: 33/33 MP: 2/2
   797 | D:2      | Found a faded altar of an unknown god.
   803 | D:2      | Prayed at the altar of an unknown god.
   803 | D:2      | Became a worshipper of Cheibriados the Contemplative
   803 | D:2      | Reached * piety under Cheibriados
   835 | D:2      | Found Rosunor's General Store.
   865 | D:2      | Slain by a gnoll

Illustrated notes

Levels and vault maps discovered:
D:1:      sevenhm_arrival_forest_fort_small_4, layout_rooms, minmay_door_square,
          nrook_mini_backslash
D:2:      layout_loops_ring, ebering_ecumenical_altar_webs, serial_shops, shop,
          nicolae_shop_trees, minmay_indecisive_spiral

Skill      XL: |  1  2 |
---------------+-------+-----
Shields        | 4 |  4.1
Fighting       | 4 |  4.0
Armour         | 4 |  4.0
Axes           | 3 |  3.0

Action                   || total
-------------------------++-------
Melee: War axe           ||    46
       Headbutt          ||     8
Armor: Scale mail        ||    24
Dodge: Dodged            ||    31
Block: Buckler           ||    19
